 Dungeon Crawl Stone Soup version 0.28-a0-511-gcc94558de3 (webtiles) character file.

Game seed: 1470959991385629014

686 jasper the Magician (level 7, -1/46 HPs)
             Began as a Demonspawn Hedge Wizard on Sept 21, 2021.
             Was an Initiate of Vehumet.
             Slain by Duvessa (8 damage)
             ... on level 6 of the Dungeon.
             The game lasted 00:11:55 (6357 turns).

jasper the Magician (Demonspawn Hedge Wizard)       Turns: 6357, Time: 00:11:55

Health: -1/46      AC: 11    Str: 11    XL:     7   Next: 35%
Magic:  3/14       EV: 12    Int: 17    God:    Vehumet [......]
Gold:   283        SH:  4    Dex: 18    Spells: 1/16 levels left

rFire   . . .      SeeInvis .   f - +0 spear
rCold   . . .      Faith    .   (no shield)
rNeg    . . .      Spirit   .   b - +0 robe
rPois   .          Reflect  .   c - +0 hat
rElec   .          Harm     .   (no cloak)
rCorr   .          Rampage  .   (no gloves)
Will    .....                   (no boots)
Stlth   ++........              (no amulet)
HPRegen 0.15/turn               l - +6 ring of dexterity
MPRegen 0.28/turn               s - ring of flight

@: sanguine armoured, flying
A: magic regeneration, sanguine armour 2, condensation shield
a: Renounce Religion


You were on level 6 of the Dungeon.
You worshipped Vehumet.
Vehumet was noncommittal.
You visited 2 branches of the dungeon, and saw 7 of its levels.

You collected 343 gold pieces.
You spent 60 gold pieces at shops.

Inventory:

Hand Weapons
 a - a +0 dagger
 f - a +0 spear (weapon)
 h - a +0 rapier
Missiles
 g - 156 stones
Armour
 b - a +0 robe (worn)
 c - a +0 hat (worn)
 o - a +2 kite shield
Jewellery
 e - an amulet of guardian spirit
 l - a +6 ring of dexterity (left hand)
 s - a ring of flight (right hand)
Wands
 i - a wand of digging (4)
Scrolls
 m - a scroll of amnesia
 n - 2 scrolls of enchant armour
 q - 2 scrolls of teleportation
 r - a scroll of magic mapping {unknown}
Potions
 j - 2 potions of brilliance
 k - a potion of might {unknown}
 p - a potion of ambrosia


   Skills:
 - Level 1.7 Dodging
 - Level 1.7 Stealth
 - Level 5.1 Spellcasting
 + Level 2.6 Conjurations
 - Level 2.0 Hexes
 - Level 2.0 Summonings
 - Level 2.5 Translocations
 + Level 2.0 Fire Magic
 + Level 2.0 Air Magic
 + Level 2.2 Poison Magic


You had one spell level left.
You knew the following spells:

 Your Spells              Type           Power      Damage    Failure   Level
a - Magic Dart            Conj           52%        1d5       4%          1
b - Call Imp              Summ           11%        N/A       10%         2
c - Blink                 Tloc           N/A        N/A       8%          2
d - Slow                  Hex            11%        N/A       10%         2
e - Conjure Flame         Conj/Fire      12%        6-21      16%         3
f - Mephitic Cloud        Conj/Pois/Air  12%        N/A       16%         3
g - Searing Ray           Conj           26%        2d5       7%          2

Your spell library contained the following spells:

 Spells                   Type           Power      Damage    Failure   Level
 Fulminant Prism          Conj/Hex       6%         3d7       47%         4


Dungeon Overview and Level Annotations

Branches:
Dungeon (6/15)             Temple (1/1) D:4

Altars:
Ashenzari
Cheibriados
Dithmenos
Hepliaklqana
Makhleb
Okawaru
Ru
Trog
Uskayaw
Vehumet

Shops:
D:5 *

Annotations:
D:5 1 transporter
D:6 Duvessa


Innate Abilities, Weirdness & Mutations

You regenerate magic rapidly.
When seriously injured, your bleeding wounds create thick armour. (AC +9)
A meltable shield of frost defends you. (SH +4)


Message History

Casting: Searing Ray (safe; 8% risk of failure)
Confirm with . or Enter, or press ? or * to list all spells.
Aiming: Searing Ray (safe; 8% risk of failure)
Press: ? - help, Shift-Dir - straight line, f/p - Dowan
Aim: Dowan, wielding a +0 dagger and wearing a +0 robe (almost dead, 67% to hit)
The searing ray hits Duvessa.
Duvessa is lightly wounded.
The searing ray hits Dowan.
Dowan is almost dead. (Press . to maintain the ray.) Dowan gestures at Duvessa while chanting.
Duvessa seems to speed up.
You now have 4/14 mp.
The searing ray hits Duvessa but does no damage.
Duvessa is lightly wounded.
The searing ray hits Dowan.
You kill Dowan!
Vehumet accepts your kill.
Duvessa screams, "No!
How DARE you!"
Duvessa goes berserk!
You block Duvessa's attack. Duvessa closely misses you.
Your Fire Magic skill increases to level 2!
Your Air Magic skill increases to level 2!
You now have 3/14 mp.
The searing ray hits Duvessa but does no damage.
Duvessa is lightly wounded.
Duvessa hits you with a +0 rapier!!
Your blood congeals into armour.
You take 18 damage, and have 28/46 hp.
MASSIVE DAMAGE!!
The searing ray hits Duvessa.
Duvessa is lightly wounded.
You finish channelling your searing ray.
Duvessa hits you with a +0 rapier! x2
* * * LOW HITPOINT WARNING * * *
You take 24 damage, and have 4/46 hp.
MASSIVE DAMAGE!!
You now have 2/14 mp.
You feel better. Duvessa hits you with a +0 rapier!
* * * LOW HITPOINT WARNING * * *
You take 2 damage, and have 2/46 hp.
You feel better. Duvessa hits you with a +0 rapier.
* * * LOW HITPOINT WARNING * * *
Duvessa hits you with a +0 rapier!
You die...

.#### ..e.# ..(
#####.####.#
#.)..e.....#
#.###.###### #####.#
>.. #...#e# ####
####...#@#
#......#.###
#.##.......#
#.##.......#
#########.##.......#
.......##.###......#
.#####.##.# #......#
.# #.##.# #......#
.# #.##.# ########


You could see Duvessa (berserk, fast).

Vanquished Creatures
  A water moccasin skeleton (D:6)
  Dowan (D:6)
  A jelly (D:4)
  A bullfrog skeleton (D:5)
  2 orc wizards (D:4)
  A gnoll (D:1)
  6 adders
  2 adder skeletons (D:4)
  An adder zombie (D:2)
  4 worms
  4 dart slugs
  3 orcs (D:4)
  2 bats
  A bat zombie (D:2)
  6 endoplasms
  2 giant cockroaches
  5 goblins
  5 hobgoblins
  2 jackals (D:3)
  3 kobolds
  9 ball pythons
  A ball python zombie (D:2)
  A frilled lizard (D:1)
  3 rats
  A toadstool (D:5)
68 creatures vanquished.

Vanquished Creatures (collateral kills)
  A sky beast (D:3)
  2 ogres
  A scorpion (D:4)
  2 adders
  A worm (D:2)
  A ball python (D:2)
  A bat (D:2)
  A hobgoblin (D:4)
  A jackal (D:3)
  A giant cockroach zombie (D:2)
12 creatures vanquished.

Vanquished Creatures (others)
  A fungus (D:5)
  A plant (D:1)
  2 toadstools (D:5)
4 creatures vanquished.

Grand Total: 84 creatures vanquished

Notes
Turn   | Place    | Note
-------+----------+-------------------------------------------
     0 | D:1      | jasper the Demonspawn Hedge Wizard began the quest for the
                  | Orb.
     0 | D:1      | Reached XP level 1. HP: 13/13 MP: 4/4
   339 | D:1      | Gained mutation: When seriously injured, your bleeding
                  | wounds create armour. (AC +9) [demonic ancestry]
   339 | D:1      | Reached XP level 2. HP: 15/19 MP: 0/6
   342 | D:1      | Learned a level 2 spell: Call Imp
   345 | D:1      | Learned a level 2 spell: Blink
   348 | D:1      | Learned a level 2 spell: Slow
   350 | D:1      | Found a faded altar of an unknown god.
  1288 | D:2      | Gained mutation: When seriously injured, your bleeding
                  | wounds create thick armour. (AC +9) [demonic ancestry]
  1288 | D:2      | Reached XP level 3. HP: 24/24 MP: 4/8
  1814 | D:2      | Reached skill level 1 in Translocations
  1886 | D:2      | Reached skill level 4 in Spellcasting
  1894 | D:2      | Noticed an ogre
  2201 | D:2      | Reached XP level 4. HP: 26/30 MP: 7/10
  2205 | D:2      | Learned a level 3 spell: Conjure Flame
  2758 | D:3      | Killed an ogre
  2759 | D:3      | Reached XP level 5. HP: 35/35 MP: 1/12
  3298 | D:3      | Noticed a +0 dagger
  3298 | D:3      | Noticed a +0 spear
  3299 | D:3      | Noticed a +0 falchion
  3299 | D:3      | Noticed a +0 spear
  3299 | D:3      | Noticed a +0 falchion
  3299 | D:3      | Noticed a +0 short sword
  3303 | D:3      | Noticed a +0 dagger
  3305 | D:3      | Noticed a +0 short sword
  3307 | D:3      | Found a hide-covered altar of Uskayaw.
  3532 | D:3      | Noticed a sky beast
  3561 | D:3      | Killed a sky beast
  3562 | D:3      | Reached skill level 5 in Spellcasting
  3562 | D:3      | Reached skill level 1 in Hexes
  3562 | D:3      | Gained mutation: You regenerate magic rapidly. [demonic
                  | ancestry]
  3562 | D:3      | Reached XP level 6. HP: 22/41 MP: 8/13
  3581 | D:3      | Learned a level 3 spell: Mephitic Cloud
  3953 | D:4      | Found a staircase to the Ecumenical Temple.
  3974 | Temple   | Entered the Ecumenical Temple
  4206 | Temple   | Became a worshipper of Vehumet
  4386 | D:4      | Reached skill level 1 in Fire Magic
  4386 | D:4      | Reached skill level 1 in Air Magic
  4386 | D:4      | Reached skill level 1 in Poison Magic
  4705 | D:5      | Entered Level 5 of the Dungeon
  4705 | D:5      | Found Kidamou's General Store.
  4705 | D:5      | Found a transporter.
  4709 | D:5      | Bought a potion of brilliance for 60 gold pieces
  4763 | D:5      | Learned a level 2 spell: Searing Ray
  4976 | D:5      | Noticed a water moccasin
  5191 | D:1      | Gained mutation: A meltable shield of frost defends you.
                  | (SH +4) [demonic ancestry]
  5191 | D:1      | Reached XP level 7. HP: 46/46 MP: 9/14
  6332 | D:6      | Noticed Dowan
  6332 | D:6      | Noticed Duvessa
  6353 | D:6      | Killed Dowan
  6356 | D:6      | HP: 2/46 [Duvessa (8)]
  6357 | D:6      | Slain by Duvessa

Illustrated notes

Levels and vault maps discovered:
D:1:      wander_arrival_fairy_ring, layout_rooms,
          hellmonk_ecumenical_altar_run_dry, kennysheep_another_room
D:2:      layout_loops_corners, serial_undead, serial_undead_e, serial_undead_e,
          serial_undead_d, serial_undead_a
D:3:      wander_river, layout_loops_ring, nicolae_uskayaw_en_pointe,
          kennysheep_doodads
D:4:      layout_basic, minmay_temple_entry_junction_2
D:5:      layout_cave_pools, serial_shops, nicolae_stop_n_shop_2,
          serial_gnoll_camp, gnoll_camp_medium_02, gnoll_camp_mini_loothouse,
          gnoll_camp_mini_hut, gnoll_camp_mini_house, gammafunk_ghost_arena,
          minmay_gold_behind_fungi, minmay_increasing_density
D:6:      layout_basic, mainiacjoe_overflow_big_doors, serial_shops, shop,
          uniq_duvessa, uniq_maggie
Temple:   jpeg_temple_island

Skill      XL: |  1  2  3  4  5  6  7 |
---------------+----------------------+-----
Summonings     | 2 |  2.0
Translocations | 1 2 |  2.5
Spellcasting   | 4 5 |  5.1
Hexes          | 1 2 |  2.0
Fire Magic     | 1 2 |  2.0
Air Magic      | 1 2 |  2.0
Poison Magic   | 1 2 |  2.2
Conjurations   | 2 |  2.6
Dodging        | |  1.7
Stealth        | |  1.7

Action                   |  1- 3 |  4- 6 |  7- 9 || total
-------------------------+-------+-------+-------++-------
Melee: Spear             |    53 |    56 |    12 ||   121
       Dagger            |     2 |       |       ||     2
 Cast: Magic Dart        |    74 |    86 |    30 ||   190
       Call Imp          |    12 |    15 |     5 ||    32
       Slow              |       |     3 |       ||     3
       Blink             |       |     2 |       ||     2
       Searing Ray       |       |     1 |     6 ||     7
       Conjure Flame     |       |       |     1 ||     1
       Mephitic Cloud    |       |       |     1 ||     1
  Use: Potion            |       |     4 |     2 ||     6
       Scroll            |       |     3 |     2 ||     5
Armor: Robe              |     9 |    25 |     4 ||    38
Dodge: Dodged            |    28 |    67 |    14 ||   109
Block: Other             |       |       |     5 ||     5

Table legend: (Time is in decaauts)
 A = Elapsed time spent in this place.
 B = Non-inter-level travel time spent in this place.
 C = Inter-level travel time spent in this place.
 D = Time resting spent in this place.
 E = Time spent auto-exploring this place.
 F = Levels seen in this place.
 G = Mean time per level.
                   A        B        C        D        E       F      G
               +--------+--------+--------+--------+--------+-----+--------+
         Total |   6440 |   6019 |    421 |    630 |   4456 |   7 |  920.0 |
       Dungeon |   6148 |   5765 |    383 |    630 |   4210 |   6 | 1024.7 |
        Temple |    292 |    254 |     38 |      0 |    246 |   1 |  292.0 |
               +--------+--------+--------+--------+--------+-----+--------+

Top non-repeatable levels by time:
     D:2: 1963 daAuts
     D:3: 1590 daAuts
     D:4: 1413 daAuts
     D:1: 755 daAuts
     D:5: 301 daAuts
  Temple: 292 daAuts
     D:6: 124 daAuts
